 Dungeon Sprint DCSS version 0.31-a0-16-g6d2539766c (webtiles) character file.

Game seed: 3368024670327365400

5752 sircluck the Executioner (level 10, 0/108 HPs)
             Began as a Hill Orc Berserker on May 8, 2023.
             Was the Champion of Trog.
             Succumbed to a black mamba's poison
             ... in the Dungeon (Sprint IX: "|||||||||||||||||||||||||||||").
             The game lasted 00:02:15 (927 turns).

sircluck the Executioner (Hill Orc Berserker)        Turns: 927, Time: 00:02:15

Health: 0/108      AC: 13    Str: 28    XL:     10   Next: 77%
Magic:  10/10      EV: 12    Int:  7    God:    Trog [******]
Gold:   0          SH:  0    Dex: 10    Spells: 9/9 levels left

rFire   . . .        s - +1 battleaxe
rCold   . . .        (shield currently unavailable)
rNeg    . . .        m - +1 scale mail
rPois   .            (no helmet)
rElec   .            l - +0 cloak
rCorr   .            (no gloves)
SInv    .            (no boots)
Will    .....        (no amulet) Stlth
                     n - +3 ring of strength
HPRegen 0.38/turn    o - +2 ring of protection
MPRegen 0.12/turn

%: no teleportation
@: lethally poisoned (0 -> -5), on berserk cooldown, slowed, very slow
A: no striking features
a: Renounce Religion, Berserk, Trog's Hand, Brothers in Arms


You were in the Dungeon.
You worshipped Trog.
Trog was exalted by your worship.
You visited 1 branch

Inventory:

Hand Weapons
 a - a +0 hand axe
 k - a +1 broad axe of freezing
 s - a +1 battleaxe (weapon)
Armour
 b - a +0 animal skin
 l - a +0 cloak (worn)
 m - a +1 scale mail (worn)
Jewellery
 n - a +3 ring of strength (left hand)
 o - a +2 ring of protection (right hand)
Wands
 j - a wand of light (10)
Scrolls
 h - 3 scrolls of blinking
 q - 4 scrolls of enchant weapon
 r - 2 scrolls of identify
Potions
 c - 7 potions of curing
 d - 4 potions of heal wounds
 e - a potion of haste
 f - 4 potions of magic
 g - 3 potions of berserk rage
 i - a potion of invisibility
Miscellaneous
 p - a piece from Xom's chessboard (15/15)


   Skills:
 + Level 16.7 Fighting
 + Level 21.3 Axes
 + Level 10.9 Armour
 + Level 7.3 Dodging
 + Level 1.1 Stealth


You had 9 spell levels left.
You didn't know any spells.
Your spell library was empty.

Dungeon Overview and Level Annotations

Branches:
Dungeon (1/1)

Altars:
Cheibriados
Dithmenos
Elyvilon
Fedhas
Gozag
Hepliaklqana
Kikubaaqudgha
Makhleb
Nemelex Xobeh
Okawaru
Qazlal
Ru
Sif Muna
Trog
Uskayaw
Vehumet
Wu Jian
Xom
Yredelemnul
Zin
The Shining One
Beogh
Jiyva
Lugonu


Message History

You slice the yak!!
You kill the yak!
Trog accepts your kill.
You feel sick.
The blink frog blinks!
The boulder beetle leaps!
You slice the black mamba!!
The black mamba is severely wounded.
The black mamba bites you!
You are more poisoned.
The black mamba poisons you!
You carve the black mamba like a ham!!!
You kill the black mamba!
Trog accepts your kill.
You feel very sick.
You feel very sick.
The boulder beetle curls into a ball and begins rolling!
Things that are here:
a black mamba corpse; a yak corpse You feel a strong urge to attack something.
You feel very sick.
You feel sick.
Things that are here:
a black mamba corpse; a yak corpse You feel your anger nearly subside.
You are no longer berserk.
You are exhausted.
You feel yourself slow down.
You feel sick.
There is an open door, spattered with blood here.
Things that are here:
a cane toad corpse; a cane toad corpse You feel very sick.
The blink frog closely misses you.
You see here a +9 antimagic battleaxe.
You slash the blink frog!
The blink frog is moderately wounded.
You feel sick. The blink frog barely misses you. The boulder beetle hits you!!
* * * LOW HITPOINT WARNING * * *
The boulder beetle stops rolling and uncurls.
You hit the blink frog.
The blink frog is moderately wounded.
You hit the boulder beetle but do no damage.
You die...

▓▓▓▓▓▓▓▓▓▓▓▓▓▓▓▓▓▓▓▓▓▓▓▓▓▓▓▓▓▓▓▓▓
..)?.'________________________'..
▓▓▓▓▓▓▓▓▓▓▓▓▓▓▓▓▓▓▓▓▓▓▓▓▓▓▓▓▓▓▓▓▓
........)........................
▓▓▓▓▓▓▓▓▓▓▓▓▓▓▓▓▓▓▓▓▓▓▓▓▓▓▓▓▓▓▓▓▓
.°°.....°B@F......††.....).
▓▓▓▓▓▓▓▓▓▓▓▓▓▓▓▓▓▓▓▓▓▓▓▓▓▓▓


You could see a boulder beetle and a blink frog.

Vanquished Creatures
  A cyclops (D)
  A manticore (D)
  4 cane toads (D)
  A black mamba (D)
  3 komodo dragons (D)
  A kobold demonologist (D)
  2 trolls (D)
  A polar bear (D)
  4 wyverns (D)
  Eustachio (D)
  A yak (D)
  3 vampire mosquitoes (D)
  2 water moccasins (D)
  An ice beast (D)
  A wolf (D)
  2 bullfrogs (D)
  A howler monkey (D)
  A hound (D)
  An iguana (D)
  An adder (D)
  A white imp (D)
  A dart slug (D)
  An endoplasm (D)
  2 goblins (D)
  A kobold (D)
39 creatures vanquished.

Notes
Turn   | Place    | Note
-------+----------+-------------------------------------------
     0 | D        | sircluck the Hill Orc Berserker began the quest for the
                  | Orb.
     0 | D        | Reached XP level 1. HP: 19/19 MP: 1/1
    13 | D        | Reached ** piety under Trog
    14 | D        | Reached skill level 5 in Axes
    20 | D        | Reached XP level 2. HP: 22/28 MP: 2/2
    48 | D        | Noticed an ice beast
    53 | D        | Killed an ice beast
    54 | D        | Reached skill level 8 in Axes
    54 | D        | Reached XP level 3. HP: 39/39 MP: 3/3
    54 | D        | Reached XP level 4. HP: 47/47 MP: 4/4
    56 | D        | Reached *** piety under Trog
    59 | D        | Reached skill level 9 in Axes
    59 | D        | Reached XP level 5. HP: 53/53 MP: 5/5
    68 | D        | Reached skill level 10 in Axes
   148 | D        | Found a roughly hewn altar of Beogh.
   148 | D        | Found a snail-covered altar of Cheibriados.
   148 | D        | Found a shadowy altar of Dithmenos.
   148 | D        | Found a white marble altar of Elyvilon.
   148 | D        | Found a blossoming altar of Fedhas.
   148 | D        | Found an opulent altar of Gozag.
   149 | D        | Found a hazy altar of Hepliaklqana.
   150 | D        | Found a viscous altar of Jiyva.
   151 | D        | Found an ancient bone altar of Kikubaaqudgha.
   152 | D        | Found a corrupted altar of Lugonu.
   153 | D        | Found a burning altar of Makhleb.
   154 | D        | Found a sparkling altar of Nemelex Xobeh.
   155 | D        | Found an iron altar of Okawaru.
   156 | D        | Found a stormy altar of Qazlal.
   157 | D        | Found a sacrificial altar of Ru.
   158 | D        | Found a shimmering blue altar of Sif Muna.
   159 | D        | Found a bloodstained altar of Trog.
   160 | D        | Found a hide-covered altar of Uskayaw.
   161 | D        | Found a radiant altar of Vehumet.
   162 | D        | Found an ornate altar of the Wu Jian Council.
   163 | D        | Found a shimmering altar of Xom.
   164 | D        | Found a basalt altar of Yredelemnul.
   165 | D        | Found a glowing silver altar of Zin.
   166 | D        | Found a glowing golden altar of the Shining One.
   229 | D        | Noticed a troll
   229 | D        | Noticed a troll
   229 | D        | Noticed a wyvern
   229 | D        | Noticed a wyvern
   229 | D        | Noticed a wyvern
   234 | D        | Reached **** piety under Trog
   238 | D        | Killed a wyvern
   239 | D        | Reached skill level 10 in Fighting
   239 | D        | Reached skill level 12 in Axes
   239 | D        | Reached XP level 6. HP: 61/67 MP: 6/6
   247 | D        | Killed a wyvern
   248 | D        | Reached skill level 13 in Axes
   248 | D        | Reached skill level 5 in Armour
   248 | D        | Reached XP level 7. HP: 26/74 MP: 7/7
   256 | D        | Killed a wyvern
   257 | D        | Reached skill level 14 in Axes
   260 | D        | Killed a troll
   261 | D        | Reached skill level 15 in Axes
   261 | D        | Reached XP level 8. HP: 19/85 MP: 8/8
   264 | D        | Killed a troll
   265 | D        | Reached skill level 5 in Dodging
   490 | D        | Noticed a kobold demonologist
   490 | D        | Noticed a cyclops
   490 | D        | Noticed a manticore
   502 | D        | Killed a manticore
   503 | D        | Reached skill level 16 in Axes
   507 | D        | Killed a cyclops
   508 | D        | Reached skill level 17 in Axes
   508 | D        | Reached XP level 9. HP: 82/95 MP: 9/9
   515 | D        | Killed a kobold demonologist
   515 | D        | Reached ***** piety under Trog
   516 | D        | Reached skill level 18 in Axes
   614 | D        | Noticed Eustachio
   630 | D        | Killed Eustachio
   720 | D        | Noticed a komodo dragon
   720 | D        | Noticed a cane toad
   720 | D        | Noticed a polar bear
   723 | D        | Reached skill level 15 in Fighting
   723 | D        | Received a gift from Trog
   723 | D        | Noticed a komodo dragon
   724 | D        | Reached skill level 19 in Axes
   724 | D        | Noticed a komodo dragon
   734 | D        | Killed a polar bear
   735 | D        | Killed a cane toad
   736 | D        | Reached XP level 10. HP: 98/106 MP: 10/10
   750 | D        | Reached skill level 20 in Axes
   754 | D        | Reached skill level 10 in Armour
   894 | D        | Noticed a boulder beetle
   894 | D        | Noticed a cane toad
   894 | D        | Noticed a cane toad
   894 | D        | Noticed a cane toad
   897 | D        | Killed a cane toad
   898 | D        | Reached skill level 1 in Stealth
   900 | D        | Reached ****** piety under Trog
   900 | D        | Received a gift from Trog
   902 | D        | Killed a cane toad
   904 | D        | Noticed a black mamba
   906 | D        | Killed a cane toad
   907 | D        | Reached skill level 21 in Axes
   920 | D        | Killed a black mamba
   926 | D        | HP: 2/108 [boulder beetle (19)]
   927 | D        | Succumbed to a black mamba's poison

Illustrated notes

Levels and vault maps discovered:
D:        linesprint [early_d, line_temple, items_1, d_10, items_2, lair_1,
          lair_end, items_3, orc_1, orc_end, items_4, d_15, swamp_1, shoals_1,
          snake_1, spider_1, d_20, vaults_1, items_5, swamp_end, shoals_end,
          snake_end, spider_end, vaults_end, d_27, items_6, zot_1, zot_end,
          crypt_end, forest_end, elf_end, slime_end, tomb_end, abyss_end,
          pan_hell_end]

Skill      XL: |  1  2  3  4  5  6  7  8  9 10 |
---------------+-------------------------------+-----
Fighting       | 4 7 10 11 12 14 15 16 | 16.7
Axes           | 5 8 9 12 13 15 17 19 21 | 21.3
Armour         | 3 4 5 6 8 9 10 | 10.9
Dodging        | 2 3 4 5 6 7 |  7.3
Stealth        | 1 |  1.1

Action                     |  1- 3 |  4- 6 |  7- 9 | 10-12 || total
---------------------------+-------+-------+-------+-------++-------
  Melee: Hand axe          |    20 |    13 |       |       ||    33
         Broad axe         |       |    18 |    54 |    18 ||    90
         Punch             |       |       |     1 |       ||     1
         Battleaxe         |       |       |       |    26 ||    26
 Invoke: Berserk           |     1 |       |     2 |     2 ||     5
         Brothers in Arms  |       |       |     1 |       ||     1
    Use: Potion            |       |       |     1 |       ||     1
 Armour: Animal skin       |     3 |       |       |       ||     3
         Scale mail        |       |     3 |    27 |     3 ||    33
  Dodge: Dodged            |     7 |    15 |    33 |    13 ||    68

Table legend: (Time is in decaauts)
 A = Elapsed time spent in this place.
 B = Non-inter-level travel time spent in this place.
 C = Inter-level travel time spent in this place.
 D = Time resting spent in this place.
 E = Time spent auto-exploring this place.
 F = Levels seen in this place.
 G = Mean time per level.
                   A        B        C        D        E       F      G
               +--------+--------+--------+--------+--------+-----+--------+
         Total |    928 |    928 |      0 |    295 |    354 |   1 |  928.0 |
       Dungeon |    928 |    928 |      0 |    295 |    354 |   1 |  928.0 |
               +--------+--------+--------+--------+--------+-----+--------+

Top non-repeatable levels by time:
       D: 928 daAuts
